 Dungeon Crawl Stone Soup version 0.27.1 (webtiles) character file.

Game seed: 16509529251291130770

2 Mesmaeker13 the Vexing (level 1, 0/19 HPs)
             Began as an Ogre Arcane Marksman on Aug 25, 2021.
             Slain by a hobgoblin (1 damage)
             ... on level 1 of the Dungeon.
             The game lasted 00:00:40 (164 turns).

Mesmaeker13 the Vexing (Ogre Arcane Marksman)        Turns: 164, Time: 00:00:41

Health: 0/19       AC:  3    Str: 13    XL:     1   Next: 40%
Magic:  2/2        EV:  9    Int: 14    God:
Gold:   11         SH:  0    Dex:  9    Spells: 1/2 levels left

rFire    . . .     SeeInvis .   f - +0 giant club
rCold    . . .     Faith    .   (shield currently unavailable)
rNeg     . . .     Spirit   .   a - +0 robe
rPois    .         Reflect  .   (helmet restricted)
rElec    .         Harm     .   (no cloak)
rCorr    .         Rampage  .   (gloves unavailable)
Will     .....                  (boots unavailable)
Stlth    +.........             (no amulet)
HPRegen  0.06/turn              (no ring)
MPRegen  0.08/turn              (no ring)

@: no status effects
A: large, unfitting armour, tough skin 1
a: no special abilities


You were on level 1 of the Dungeon.
You visited 1 branch of the dungeon, and saw 1 of its levels.

You collected 11 gold pieces.

Inventory:

Hand Weapons
 f - a +0 giant club (weapon)
Missiles
 b - 4 large rocks (quivered)
 c - 2 throwing nets
 d - 15 poisoned darts
Armour
 a - a +0 robe (worn)
Scrolls
 e - a scroll of identify {unknown}


   Skills:
 + Level 1.5 Fighting
 + Level 0.1 Maces & Flails
 + Level 2.0 Throwing
 + Level 1.8 Dodging
 - Level 1.2 Spellcasting
 - Level 2.6 Hexes


You had one spell level left.
You knew the following spells:

 Your Spells              Type           Power      Damage    Failure   Level
a - Corona                Hex            8%         N/A       9%          1

Your spell library contained the following spells:

 Spells                   Type           Power      Damage    Failure   Level
 Slow                     Hex            8%         N/A       13%         2
 Inner Flame              Hex/Fire       4%         N/A       41%         3
 Portal Projectile        Hex/Tloc       8%         N/A       41%         3
 Cause Fear               Hex            4%         N/A       65%         4


Dungeon Overview and Level Annotations

Branches:
Dungeon (1/15)

Altars:

Shops:
D:1 (


Innate Abilities, Weirdness & Mutations

You are too large for most types of armour.
You have tough skin. (AC +1)


Message History

A ball python comes into view.
The ball python closely misses you. The ball python barely misses you.
You closely miss the ball python.
The ball python hisses angrily.
The ball python bites you. The ball python barely misses you.
You closely miss the ball python. The ball python completely misses you.
The ball python bites you.
You closely miss the ball python. The ball python bites you.
You closely miss the ball python.
The ball python bites you but does no damage. x2
You closely miss the ball python. The ball python bites you. x2
You closely miss the ball python.
The ball python bites you but does no damage.
The ball python closely misses you.
You closely miss the ball python.
The ball python bites you but does no damage.
The ball python barely misses you.
You closely miss the ball python. The ball python bites you.
The ball python bites you but does no damage.
You closely miss the ball python. The ball python bites you. x2
* * * LOW HITPOINT WARNING * * *
You closely miss the ball python.
The ball python bites you but does no damage. x2
Unknown command.
You bludgeon the ball python!!
You kill the ball python!
The hobgoblin hits you.
* * * LOW HITPOINT WARNING * * *
You hit the hobgoblin.
The hobgoblin is moderately wounded.
The hobgoblin hits you but does no damage.
The ball python bites you.
* * * LOW HITPOINT WARNING * * *
You hit the hobgoblin.
The hobgoblin is heavily wounded.
The ball python closely misses you. The hobgoblin hits you.
* * * LOW HITPOINT WARNING * * *
The ball python bites you but does no damage.
The hobgoblin hits you.
You die...

.. #.# #....
....####.##########....
.......................
#.#####...........#....
# ####...........#....
.#.##..............#....
........#+##############
.....(..S.# ######><
.#.##.#@#.# ........ #
#.#g#.# ..##.... #.#.#.#
........ . ....#
####.... ......# ......
......# ####### #.......
....#.#.. ###.. .#?.#


You could see a hobgoblin and a ball python.

Vanquished Creatures
  A ball python (D:1)
  2 kobolds (D:1)
  A rat (D:1)
4 creatures vanquished.

Notes
Turn   | Place    | Note
-------+----------+-------------------------------------------
     0 | D:1      | Mesmaeker13 the Ogre Arcane Marksman began the quest for
                  | the Orb.
     0 | D:1      | Reached XP level 1. HP: 19/19 MP: 2/2
    12 | D:1      | Found Gowewneo's Weapon Boutique.
    96 | D:1      | Found a faded altar of an unknown god.
   164 | D:1      | Slain by a hobgoblin

Illustrated notes

Levels and vault maps discovered:
D:1:      dpeg_arrival_line_fractal, layout_basic, serial_shops, shop, shop,
          nicolae_square_shop, nicolae_shop_stone,
          shapermc_ecumenical_altar_mp_highgroup

Action                   || total
-------------------------++-------
Melee: Giant club        ||    17
Throw: Large rock        ||     2
Armor: Robe              ||    14
Dodge: Dodged            ||    12
